Map: Dusk Towers

Players

Ramenpho

  • Race: Zerg Zerg
  • League: Diamond

MorN - Winner!

  • Race: Terran Terran
  • League: Master

VOD

Have the link to the VOD?

Description

Time

  • Played on: Nov. 21, 2015, 10:47 p.m.
  • Length: 12:15
Show
View Real Time Build Order
Export as new Build Order

Ramenpho Zerg 

Build Orders: Pool First 

Get SALT Encoding   

  12  0:01  Drone  
  13  0:12  Overlord  
  13  0:17  Drone  
  14  0:30  Drone  
  14  0:31  Drone  
  14  0:34  Drone  
  17  0:45  Spawning Pool  
  17  0:49  Drone  
  17  0:57  Drone  
  18  1:14  Hatchery  
  18  1:16  Drone  
  18  1:19  Drone  
  19  1:32  Queen  
  21  1:34  Zergling x2  
  21  1:38  Overlord  
  22  1:58  Hatchery  
  22  2:00  Drone  
  22  2:02  Drone  
  23  2:11  Drone  
  23  2:14  Queen  
  26  2:21  Overlord  
  26  2:26  Drone  
  27  2:32  Drone  
  28  2:40  Drone  
  28  2:43  Queen  
  30  2:46  Drone  
  31  2:59  Drone x3  
  31  3:04  Drone  
  35  3:08  Extractor  
  35  3:09  Drone, Extractor  
  35  3:11  Drone  
  35  3:16  Drone  
  36  3:22  Drone x2  
  36  3:25  Queen  
  40  3:31  Drone x3  
  43  3:35  Overlord  
  43  3:36  Drone, Spine Crawler  
  43  3:37  Drone  
  44  3:41  Drone  
  44  3:45  Roach Warren  
  44  3:54  Drone x3  
  47  4:04  Lair  
  47  4:06  Drone x5  
  52  4:12  Extractor  
  52  4:13  Extractor  
  50  4:25  Drone x4, Overlord x2  
  50  4:30  Drone x2  
  56  4:36  Spore Crawler  
  55  4:40  Drone  
  55  4:41  Drone  
  55  4:43  Spore Crawler  
  55  4:44  Overlord x2  
  56  4:46  Drone x3  
  56  4:51  Overlord x2  
  59  4:53  Drone  
  59  4:54  Drone  
  59  4:58  Drone  
  62  5:01  Drone  
  63  5:08  Glial Reconstitution  
  63  5:11  Roach x4  
  63  5:12  Roach  
  73  5:14  Overlord  
  73  5:22  Drone x2  
  73  5:25  Drone x3  
  73  5:26  Drone x2  
  80  5:34  Roach x3  
  86  5:41  Extractor  
  86  5:42  Extractor  
  84  5:52  Roach x4  
  84  5:53  Drone  
  84  5:54  Drone x4  
  97  6:07  Roach  
  97  6:08  Overlord, Roach x3  
  97  6:09  Overlord x3  
  105  6:14  Spore Crawler  
  101  6:24  Roach x2  
  105  6:27  Roach x6  
  117  6:36  Evolution Chamber  
  116  6:43  Spore Crawler  
  116  6:45  Drone x2  
  116  6:46  Drone x3  
  119  7:07  Spore Crawler  
  118  7:08  Roach  
  118  7:09  Roach x8  
  118  7:10  Overlord  
  118  7:11  Overlord x4  
  118  7:13  Zerg Missile Weapons Level 1  
  136  7:25  Ravager  
  133  7:32  Roach x3  
  133  7:33  Roach x4  
  133  7:39  Ravager  
  133  7:40  Ravager x10  
  144  7:47  Roach  
  144  7:48  Roach x6  
  150  8:06  Hatchery  
  150  8:07  Roach x6  
  152  8:43  Roach x12  
  152  8:44  Overlord  
  152  8:45  Overlord x3  
  176  8:48  Overlord  
  164  9:02  Roach  
  164  9:03  Roach x5  
  166  9:19  Infestation Pit  
  133  9:33  Zerg Missile Weapons Level 2  
  133  9:45  Spire  
  132  9:56  Hive  
  132  9:59  Extractor  
  131  10:01  Extractor  
  131  10:02  Hatchery  
  129  10:07  Evolution Chamber  
  129  10:13  Drone x4  
  129  10:14  Drone x2  
  134  10:18  Drone x3  
  134  10:19  Drone  
  133  10:38  Roach  
  133  10:39  Roach x22  
  151  11:02  Mutalisk  
  151  11:03  Mutalisk x7  
  139  11:06  Mutalisk  
  123  11:18  Mutalisk x3  
  86  11:41  Mutalisk  
  86  11:42  Mutalisk x4  
Show
View Real Time Build Order
Export as new Build Order

MorN Terran - Winner!

Build Orders: Liberator Opening, Reaper Expand, MMM Bio 

Get SALT Encoding   

  12  0:00  SCV  
  13  0:13  SCV  
  14  0:17  Supply Depot  
  14  0:25  SCV  
  15  0:38  SCV  
  15  0:40  Barracks  
  16  0:45  Refinery  
  16  0:51  SCV  
  17  1:03  SCV  
  18  1:15  SCV  
  19  1:29  Reaper, Orbital Command  
  20  1:42  Command Center  
  20  1:53  Supply Depot  
  20  1:55  SCV  
  20  2:01  Reaper  
  22  2:09  SCV  
  23  2:22  SCV  
  24  2:28  Factory  
  24  2:48  Command Center  
  24  2:51  Barracks Reactor, Refinery  
  24  2:52  SCV  
  24  2:58  Orbital Command  
  25  3:04  SCV  
  26  3:16  SCV  
  27  3:28  SCV x2  
  27  3:33  Starport  
  29  3:40  SCV x2, Hellion x2, Barracks Tech Lab  
  35  3:52  SCV x2  
  35  3:55  Liberator  
  37  4:01  Hellion x2, Orbital Command  
  40  4:03  Stimpack  
  40  4:04  SCV x2  
  40  4:06  Marine  
  43  4:16  SCV  
  43  4:17  SCV  
  47  4:25  Hellion x2  
  47  4:27  SCV  
  47  4:28  SCV  
  47  4:31  Refinery  
  53  4:32  Refinery  
  53  4:35  Engineering Bay  
  53  4:36  SCV  
  54  4:39  Engineering Bay  
  54  4:40  SCV  
  54  4:43  Marine  
  56  4:46  SCV  
  56  4:48  SCV  
  56  4:52  SCV  
  59  4:57  Factory Reactor  
  59  4:59  Barracks, Starport Reactor  
  59  5:00  SCV x2  
  59  5:03  Barracks  
  59  5:05  Supply Depot  
  61  5:07  Terran Infantry Weapons Level 1  
  61  5:12  Terran Infantry Armor Level 1  
  61  5:16  Orbital Command  
  61  5:18  Supply Depot  
  61  5:26  SCV x2, Marine  
  64  5:44  Medivac x2  
  64  5:45  SCV  
  64  5:48  Barracks  
  69  5:50  Barracks, Marauder  
  69  5:53  Factory Reactor  
  69  5:54  Marine x2  
  73  5:57  SCV x2  
  73  6:00  Marine x2  
  77  6:20  Supply Depot  
  77  6:22  Supply Depot  
  77  6:23  Armory  
  77  6:24  Supply Depot  
  77  6:37  Barracks Reactor x2  
  77  6:41  Marine, Widow Mine x2  
  77  6:42  SCV, Medivac  
  77  6:43  Supply Depot  
  77  6:44  SCV x2, Medivac, Marine x4  
  93  6:48  Combat Shields  
  93  6:54  SCV  
  94  6:56  SCV  
  94  7:00  Marauder  
  91  7:02  Marine x4  
  91  7:03  Barracks x2, Liberator  
  91  7:04  Barracks  
  95  7:13  Terran Infantry Weapons Level 2, Terran Infantry Armor Level 2  
  95  7:19  Marine x4  
  95  7:21  SCV x2, Marine  
  105  7:23  Refinery  
  105  7:25  Refinery  
  101  7:32  Marine x2  
  101  7:33  Marine  
  93  7:38  Marine x2  
  93  7:39  Marauder, Marine x3  
  93  7:40  Widow Mine x2  
  93  7:41  SCV  
  103  7:44  Supply Depot  
  103  7:47  Terran Vehicle Weapons Level 1  
  103  7:49  Supply Depot, Medivac  
  105  7:55  Barracks Reactor, Barracks Tech Lab x2  
  105  7:58  SCV x2  
  107  8:00  Marauder  
  98  8:09  Marine x2  
  99  8:17  Marine x2  
  99  8:18  Marauder, Marine x5  
  108  8:21  Supply Depot  
  108  8:22  Marauder  
  108  8:26  Marine x2  
  112  8:27  Command Center  
  112  8:30  Supply Depot  
  112  8:33  Marine  
  113  8:35  Marine x2  
  113  8:37  Marauder  
  113  8:39  Marauder  
  116  8:41  Marine x2  
  116  8:43  Marauder  
  116  8:45  Marine x2  
  116  8:48  Liberator x2  
  122  8:53  Marine x2  
  123  8:56  Concussive Shells  
  123  8:58  Marauder  
  123  9:01  Marine x2, Marauder  
  123  9:04  Marauder, Marine  
  123  9:05  Marine x2  
  133  9:12  Marine  
  133  9:14  Marine x2  
  133  9:15  Marine  
  134  9:19  Marauder  
  134  9:20  Marine  
  134  9:21  Marine  
  134  9:22  Marauder, Marine  
  136  9:24  Marine x2  
  136  9:26  Marauder  
  136  9:31  Marine  
  131  9:32  Marine x3  
  131  9:35  Marine  
  131  9:38  Marine  
  136  9:41  Marauder  
  136  9:42  Marine x2  
  136  9:43  Marauder, Marine x2  
  144  9:47  Marauder  
  144  9:48  Marine  
  144  9:49  Marine  
  144  9:50  Marine x2  
  150  9:53  Marine  
  150  9:56  Marine  
  152  10:01  Planetary Fortress  
  152  10:09  Marauder, Marine x2  
  156  10:35  Supply Depot  
  156  10:36  Marauder x3, Marine x2  
  156  10:37  Marine x2  
  156  10:38  Marine x3  
  169  10:44  Marine x3  
  172  10:54  Marine x2  
  172  10:55  Marine x4  
  172  10:56  Marine  
  170  10:58  Marauder x3  
  170  11:01  Marine  
  170  11:03  Marine x2  
  148  11:12  Marine x2  
  148  11:13  Marine x4  
  148  11:16  Marine  
  148  11:19  Marauder x3, Marine  
  148  11:20  Marine  
  148  11:23  Marine  
  150  11:29  Marine x2  
  150  11:31  Marine  
  145  11:36  Marine x4  
  145  11:37  Marine  
  145  11:38  Marine  
  145  11:41  Marine, Marauder x3  
  151  11:47  Marine x2  
  151  11:49  Marine  
  151  11:54  Marine x3  
Tags
 
Add a new tag
Caveats
  • Supply blocks, unpowered buildings, or Contaminate may cause inaccurate times.
  • Supply counts are checked every 10 seconds.